 Dungeon Crawl Stone Soup version 0.27-a0-416-gca2cecf3c0 (webtiles) character file.

Game seed: 6122289554860268055

6624 Astera the Spear-Bearer (level 11, -6/77 HPs)
             Began as a Merfolk Gladiator on Feb 21, 2021.
             Was a Follower of Hepliaklqana.
             Mangled by a five-headed hydra (10 damage)
             ... on level 11 of the Dungeon on Feb 25, 2021.
             The game lasted 00:31:26 (7851 turns).

Astera the Spear-Bearer (Merfolk Gladiator)         Turns: 7851, Time: 00:31:28

Health: -6/77      AC:  5    Str: 18    XL:     11   Next: 2%
Magic:  11/11      EV: 21    Int: 11    God:    Hepliaklqana [*.....]
Gold:   444        SH:  0    Dex: 15    Spells: 10/10 levels left

rFire    . . .     SeeInvis .   v - +9 trident of Terror {vorpal, rPois Will+ Int+3}
rCold    + . .     Faith    .   (no shield)
rNeg     + . .     Spirit   .   b - +0 leather armour
rPois    +         Reflect  .   c - +0 helmet
rElec    .         Harm     .   H - +0 cloak of Pan-Flutes {rN+}
rCorr    .         Rampage  .   (no gloves)
Will     +....                  (no boots)
Stlth    +.........             j - amulet of regeneration
HPRegen  1.22/turn              f - +4 ring of evasion
MPRegen  0.12/turn              q - ring of protection from cold

@: confused, about to teleport
A: change form in water, swift swim, stealthy swim, reduced essence
a: Renounce Religion, Recall Ancestor, Ancestor Identity


You were on level 11 of the Dungeon.
You worshipped Hepliaklqana.
Hepliaklqana was aware of your devotion.
You visited 2 branches of the dungeon, and saw 12 of its levels.
You also visited: Sewer.

You collected 580 gold pieces.
You spent 136 gold pieces at shops.

Inventory:

Hand Weapons
 v - the +9 trident of Terror (weapon) {vorpal, rPois Will+ Int+3}
   (You bought it in a shop on level 4 of the Dungeon)

   It inflicts extra damage upon your enemies.
   It affects your intelligence (+3).
   It protects you from poison.
   It affects your willpower, your defense against some magical effects.
Missiles
 d - 3 throwing nets (quivered)
Armour
 b - a +0 leather armour (worn)
 c - a +0 helmet (worn)
 H - the +0 cloak of Pan-Flutes (worn) {rN+}
   (You found it on level 9 of the Dungeon)

   It protects you from negative energy.
Jewellery
 f - a +4 ring of evasion (left hand)
 j - an amulet of regeneration (around neck)
 q - a ring of protection from cold (right hand)
 E - a ring of see invisible
 F - a +6 ring of strength {unknown}
 G - a +6 ring of dexterity
Wands
 u - a wand of random effects (17)
 w - a wand of paralysis (21)
Scrolls
 e - 7 scrolls of identify
 h - 2 scrolls of magic mapping
 k - 6 scrolls of teleportation
 o - a scroll of enchant weapon
 p - 3 scrolls of amnesia
 s - 4 scrolls of blinking {unknown}
 x - a scroll of enchant armour {unknown}
 y - 5 scrolls of fear {unknown}
 A - 2 scrolls of fog
Potions
 a - a potion of mutation {unknown}
 g - a potion of haste
 i - a potion of ambrosia
 l - a potion of heal wounds
 m - a potion of flight {unknown}
 n - 2 potions of curing {unknown}
 r - a potion of resistance {unknown}
 t - 2 potions of brilliance {unknown}
 z - 2 potions of cancellation {unknown}
 B - a potion of attraction {unknown}
 C - 2 potions of berserk rage {unknown}
 D - 2 potions of lignification {unknown}


   Skills:
 + Level 8.1 Fighting
 + Level 14.7 Polearms
 + Level 6.2 Throwing
 + Level 8.6 Dodging
 + Level 7.4 Stealth


You had 10 spell levels left.
You didn't know any spells.
Your spell library contained the following spells:

 Spells                   Type           Power        Failure   Level
 Borgnjor's Revivificati  Necr           0%           100%        8
 Infestation              Necr           0%           100%        8
 Necromutation            Tmut/Necr      0%           100%        8
 Death's Door             Necr           0%           100%        9


Dungeon Overview and Level Annotations

Branches:
Dungeon (11/15)            Temple (1/1) D:4           Sewer (visited)
   Lair: D:8-11         Orc: D:9-12

Altars:
Ashenzari
Cheibriados
Dithmenos
Elyvilon
Fedhas
Gozag
Hepliaklqana
Kikubaaqudgha
Nemelex Xobeh
Okawaru
Qazlal
Ru
Sif Muna
Trog
Uskayaw
Vehumet
Wu Jian
Xom
Yredelemnul
Zin
The Shining One

Shops:
D:4 (


Message History

The five-headed hydra barely misses you.
The five-headed hydra completely misses you.
The five-headed hydra misses you.
You climb downwards.
There is a stone staircase leading up here.
You barely miss the five-headed hydra. You puncture the five-headed hydra!
The five-headed hydra is lightly wounded.
The five-headed hydra bites you!
The five-headed hydra closely misses you.
The five-headed hydra bites you.
The five-headed hydra barely misses you.
The five-headed hydra bites you!
You barely miss the five-headed hydra.
The five-headed hydra is lightly wounded.
You barely miss the five-headed hydra.
The five-headed hydra is lightly wounded.
The five-headed hydra closely misses you.
The five-headed hydra bites you! x3
* * * LOW HITPOINT WARNING * * *
The five-headed hydra closely misses you.
You feel much better.
The five-headed hydra bites you but does no damage.
The five-headed hydra barely misses you.
The five-headed hydra completely misses you.
The five-headed hydra misses you. The five-headed hydra bites you!
As you read the scroll of teleportation, it crumbles to dust.
You feel strangely unstable. The five-headed hydra bites you. x2
The five-headed hydra bites you!
* * * LOW HITPOINT WARNING * * *
The five-headed hydra bites you but does no damage.
The five-headed hydra completely misses you.
You are confused.
You feel invigorated. The five-headed hydra bites you!
* * * LOW HITPOINT WARNING * * *
The five-headed hydra closely misses you.
The five-headed hydra bites you.
* * * LOW HITPOINT WARNING * * *
The five-headed hydra bites you!
You die...

#.. #.# #.# ## # #.#
.. .. #.# .# .. ##
... #.##.##.# .# ....
###.......# .#..#
#.......# ######D...#
##>##.##.# #....@..#
)..##.# .# #.......#
##.##.##.# #.......#
.........# #.......#
.##......# #.......#
#####...####.......#
#..#.#.............#
.##.##..##.#.........
#..#.##.##.#....##...


You could see a five-headed hydra.

Vanquished Creatures
  Pikel (D:5)
  The ghost of TimeIsEndless the Insei, a novice OpFi (D:6)
  The ghost of drwowa the Magician, a novice GnWn of Gozag (D:5)
  The ghost of Beaer the Sneak, a novice VSBr (D:5)
  A hornet (D:8)
  Grinder (D:5)
  A shadow (D:11)
  An ice beast (D:6)
  6 orc warriors
  A sky beast (D:5)
  2 black bears
  4 ogres
  A centaur (D:8)
  2 lemures (D:5)
  A phantom (D:4)
  9 bullfrogs
  4 kobold brigands (Sewer)
  Blork the orc (D:6)
  2 scorpions
  6 killer bees (D:7)
  A water moccasin skeleton (D:8)
  3 wights (D:8)
  An electric eel (D:8)
  3 howler monkeys
  2 bullfrog zombies
  2 centaur zombies
  A hound (D:4)
  2 jellies
  5 quasits (D:6)
  2 bullfrog skeletons
  6 orc priests
  A centaur skeleton (D:8)
  Ijyb (D:5)
  5 iguanas
  7 orc wizards
  6 worker ants
  2 hound skeletons
  4 gnolls (D:6)
  4 river rats
  15 adders
  A shadow imp (D:8)
  3 white imps
  An ufetubus (D:8)
  6 oozes
  7 worms
  4 dart slugs
  A leopard gecko (D:7)
  26 orcs
  5 giant cockroaches
  10 goblins
  8 hobgoblins
  12 jackals
  12 kobolds
  3 quokkas
  7 ball pythons
  9 bats
  10 frilled lizards
  13 rats
258 creatures vanquished.

Vanquished Creatures (collateral kills)
  A sky beast (D:8)
  A kobold brigand (D:9)
  A wight (D:8)
  An orc (D:8)
4 creatures vanquished.

Vanquished Creatures (others)
  2 ancestors
  6 withered plants (D:5)
8 creatures vanquished.

Grand Total: 270 creatures vanquished

Notes
Turn   | Place    | Note
-------+----------+-------------------------------------------
     0 | D:1      | Astera the Merfolk Gladiator began the quest for the Orb.
     0 | D:1      | Reached XP level 1. HP: 16/16 MP: 1/1
    91 | D:1      | Reached XP level 2. HP: 22/22 MP: 2/2
   293 | D:1      | Reached skill level 5 in Polearms
   355 | D:1      | Reached XP level 3. HP: 28/28 MP: 3/3
   747 | D:2      | Reached skill level 5 in Dodging
   765 | D:2      | Reached XP level 4. HP: 34/34 MP: 4/4
   991 | D:2      | Reached skill level 6 in Polearms
  1295 | D:2      | Found a broken altar of Ashenzari.
  1373 | D:3      | Reached XP level 5. HP: 39/39 MP: 5/5
  1782 | D:3      | Found an opulent altar of Gozag.
  1940 | D:4      | Found Wootivio's Antique Weapon Shop.
  2044 | D:4      | Noticed an ogre
  2175 | D:2      | Reached XP level 6. HP: 40/46 MP: 6/6
  2241 | D:4      | Found a staircase to the Ecumenical Temple.
  2253 | Temple   | Entered the Ecumenical Temple
  2469 | D:4      | Reached skill level 1 in Stealth
  2577 | D:4      | Reached skill level 7 in Polearms
  2600 | D:4      | Found a shimmering blue altar of Sif Muna.
  2813 | D:4      | Found a stormy altar of Qazlal.
  2813 | D:4      | Found an ornate altar of the Wu Jian Council.
  2826 | D:4      | Reached XP level 7. HP: 52/52 MP: 7/7
  2829 | D:4      | Found a faded altar of an unknown god.
  2831 | D:4      | Found a faded altar of an unknown god.
  2832 | D:4      | Found a shadowy altar of Dithmenos.
  2955 | D:4      | Bought a dazzling trident for 136 gold pieces
  2955 | D:4      | Identified the +9 trident of Terror {vorpal, rPois Will+
                  | Int+3} (You bought it in a shop on level 4 of the Dungeon)
  2993 | D:5      | Entered Level 5 of the Dungeon
  3082 | D:5      | Found a shimmering altar of Xom.
  3144 | D:5      | Noticed Ijyb
  3148 | D:5      | Killed Ijyb
  3149 | D:5      | Reached skill level 8 in Polearms
  3374 | D:5      | Found a runed translucent gate.
  3374 | D:5      | Found a runed translucent gate.
  3375 | D:5      | Found a runed translucent gate.
  3376 | D:5      | Noticed drwowa's ghost (novice GnWn)
  3377 | D:5      | Noticed Beaer's ghost (novice VSBr)
  3529 | D:5      | Noticed Grinder
  3549 | D:5      | Killed Grinder
  3550 | D:5      | Reached skill level 9 in Polearms
  3550 | D:5      | Reached XP level 8. HP: 50/60 MP: 8/8
  3867 | D:6      | Found a transporter.
  3880 | D:6      | Reached skill level 5 in Throwing
  3882 | D:6      | Noticed TimeIsEndless's ghost (novice OpFi)
  4086 | D:6      | Noticed Pikel
  4120 | D:5      | Killed Pikel
  4121 | D:5      | Reached skill level 10 in Polearms
  4225 | D:6      | Found a glowing drain.
  4232 | Sewer    | Entered a sewer
  4410 | Sewer    | Reached skill level 5 in Fighting
  4410 | Sewer    | Reached skill level 11 in Polearms
  4410 | Sewer    | Reached XP level 9. HP: 68/68 MP: 9/9
  5226 | D:6      | Found a transporter.
  5328 | D:6      | Noticed Blork the orc
  5336 | D:6      | Killed Blork the orc
  5723 | Temple   | Became a worshipper of Hepliaklqana the Forgotten
  5846 | D:7      | Reached skill level 12 in Polearms
  6110 | D:7      | Reached skill level 5 in Stealth
  6439 | D:7      | Reached XP level 10. HP: 69/69 MP: 10/10
  6445 | D:7      | Reached skill level 13 in Polearms
  6465 | D:7      | Found an iron altar of Okawaru.
  6862 | D:8      | Found a broken altar of Ashenzari.
  6863 | D:8      | Reached * piety under Hepliaklqana
  7068 | D:8      | Reached skill level 14 in Polearms
  7237 | D:8      | Found a sparkling altar of Nemelex Xobeh.
  7477 | D:5      | Killed Beaer's ghost
  7483 | D:5      | Killed drwowa's ghost
  7542 | D:6      | Upgraded the game from 0.27-a0-396-g03f4e8edb7 to
                  | 0.27-a0-409-gd57800a693
  7542 | D:6      | Upgraded the game from 0.27-a0-409-gd57800a693 to
                  | 0.27-a0-416-gca2cecf3c0
  7550 | D:6      | Killed TimeIsEndless's ghost
  7707 | D:9      | Identified a brightly glowing cloak
  7749 | D:9      | You fall into a shaft and drop 2 floors!
  7763 | D:11     | Reached XP level 11. HP: 62/77 MP: 11/11
  7842 | D:10     | Entered Level 10 of the Dungeon
  7842 | D:10     | Noticed a five-headed hydra
  7851 | D:11     | Mangled by a five-headed hydra

Illustrated notes

Levels and vault maps discovered:
D:1:      dpeg_arrival_round_a, layout_basic
D:2:      layout_basic, overflow_temple_1_default
D:3:      layout_basic, lemuel_doored_altar, chequers_serial_rivers_small_b
D:4:      layout_rooms, chequers_temple_overflow_minitemple, led_sif_pool,
          minmay_temple_entry_grid, serial_shops, shop
D:5:      layout_basic, old_standard_altar, gammafunk_ghost_cemetery,
          uniq_grinder, uniq_ijyb
D:6:      layout_cave_pods, gammafunk_ghost_stat_death,
          lightli_sewer_entry_pipes, uniq_blork_the_orc, uniq_pikel
D:7:      minmay_evil_eye, layout_basic, okawaru_ov_weapons_minmay,
          dk_noncrumbling_4
D:8:      layout_gridville, overflow_temple_1_default, nrook_loot_triangle,
          minivault_4, st_stairs_11, cheibrodos_ashenzari_chains
D:9:      layout_roguey, lightli_temple_of_fire, orc_0_dummy, serial_shops,
          shop_statue, nicolae_shop_behind_doors,
          nicolae_shop_overgrown_old_shop
D:10:     layout_basic
D:11:     layout_loops_cross, due_lair_maze_entry_diamond, minivault_22
Temple:   minmay_temple_bridge_abc

Skill      XL: |  1  2  3  4  5  6  7  8  9 10 |
---------------+-------------------------------+-----
Polearms       | 5 6 7 9 11 12 14 | 14.7
Dodging        | 5 6 7 8 |  8.6
Throwing       | 3 4 5 6 |  6.2
Stealth        | 1 2 3 5 7 |  7.4
Fighting       | 3 5 6 8 |  8.1

Action                   |  1- 3 |  4- 6 |  7- 9 | 10-12 || total
-------------------------+-------+-------+-------+-------++-------
Melee: Trident           |   112 |    86 |   219 |   198 ||   615
       Tailslap          |       |       |     1 |       ||     1
Throw: Boomerang         |    12 |    82 |    45 |       ||   139
       Throwing net      |       |       |     1 |       ||     1
Invok: Recall Ancestor   |       |       |     1 |       ||     1
  Use: Scroll            |     2 |     6 |     1 |     1 ||    10
       Potion            |       |       |       |     2 ||     2
 Stab: Sleeping          |     3 |     1 |    12 |     3 ||    19
       Distracted        |       |     1 |       |     2 ||     3
Armor: Leather armour    |    18 |     8 |    10 |    24 ||    60
Dodge: Dodged            |    85 |    72 |    79 |   129 ||   365

Table legend: (Time is in decaauts)
 A = Elapsed time spent in this place.
 B = Non-inter-level travel time spent in this place.
 C = Inter-level travel time spent in this place.
 D = Time resting spent in this place.
 E = Time spent auto-exploring this place.
 F = Levels seen in this place.
 G = Mean time per level.
                   A        B        C        D        E       F      G
               +--------+--------+--------+--------+--------+-----+--------+
         Total |   7527 |   6669 |    858 |    272 |   4543 |  13 |  579.0 |
       Dungeon |   6867 |   6042 |    825 |    141 |   4192 |  11 |  624.3 |
        Temple |    148 |    115 |     33 |      0 |     92 |   1 |  148.0 |
         Sewer |    511 |    511 |      0 |    131 |    258 |   1 |  511.0 |
               +--------+--------+--------+--------+--------+-----+--------+

Top non-repeatable levels by time:
     D:5: 1338 daAuts
     D:6: 943 daAuts
     D:7: 937 daAuts
     D:2: 788 daAuts
     D:4: 760 daAuts
     D:3: 736 daAuts
     D:8: 604 daAuts
     D:1: 592 daAuts
   Sewer: 511 daAuts
  Temple: 148 daAuts
    D:11: 89 daAuts
     D:9: 73 daAuts
    D:10: 1 daAuts
